 Dungeon Crawl Stone Soup version 0.23-a0-171-g5ae17c6 (webtiles) character file.

3390 Gildeon the Basher (level 10, -3/74 HPs)
             Began as a Human Fighter on Sept 14, 2018.
             Was a Believer of Nemelex Xobeh.
             Slain by a warg (11 damage)
             ... on level 7 of the Dungeon.
             The game lasted 00:26:28 (7954 turns).

Gildeon the Basher (Human Fighter)                  Turns: 7954, Time: 00:26:29

Health: -3/74      AC: 19    Str: 18    XL:     10   Next: 24%
Magic:  19/19      EV:  5    Int: 10    God:    Nemelex Xobeh [**....]
Gold:   372        SH:  9    Dex: 13    Spells: 9/9 levels left

rFire    . . .     SeeInvis .   a - +4 flail (protect)
rCold    . . .     Gourm    .   c - +0 shield
rNeg     . . .     Faith    .   k - +0 chain mail
rPois    .         Spirit   .   (no helmet)
rElec    .         Reflect  .   (no cloak)
rCorr    .         Harm     .   (no gloves)
MR       +....                  i - +1 pair of boots
Stlth    ..........             v - amulet of rage
HPRegen  0.22/turn              m - ring of magical power
MPRegen  0.16/turn              y - ring of protection from magic

@: protection aura
A: no striking features
a: Renounce Religion, Evoke Berserk Rage


You were on level 7 of the Dungeon.
You worshipped Nemelex Xobeh.
Nemelex Xobeh was pleased with you.
You were not hungry.

You visited 2 branches of the dungeon, and saw 9 of its levels.
You also visited: Ossuary.

You collected 372 gold pieces.

Inventory:

Hand Weapons
 a - a +4 flail of protection (weapon)
Armour
 b - a +0 scale mail
 c - a +0 shield (worn)
 i - a +1 pair of boots (worn)
 k - a +0 chain mail (worn)
Jewellery
 m - a ring of magical power (left hand)
 v - an amulet of rage (around neck)
 y - a ring of protection from magic (right hand)
Wands
 l - a wand of acid (10)
 C - a wand of clouds (7)
Scrolls
 e - a scroll of enchant weapon
 p - 4 scrolls of enchant armour
 r - a scroll of blinking
 t - 3 scrolls of remove curse
 w - 4 scrolls of teleportation
Potions
 d - a potion of might
 g - 2 potions of mutation
 h - 3 potions of haste
 j - 2 potions of flight
 o - 3 potions of brilliance
 q - 2 potions of magic
 s - 2 potions of lignification
 z - a potion of berserk rage
 B - a potion of resistance
Miscellaneous
 x - a plain deck of destruction {drawn: 10}
Comestibles
 f - 17 rations


   Skills:
 - Level 5.0 Fighting
 * Level 12.5 Maces & Flails
 + Level 4.9 Armour
 - Level 3.0 Shields


You had 9 spell levels left.
You didn't know any spells.
Your spell library was empty.

Dungeon Overview and Level Annotations

Branches:
Dungeon (8/15)             Temple (1/1) D:6            Lair (0/6) D:8

Altars:
Ashenzari
Cheibriados
Dithmenos
Elyvilon
Fedhas
Gozag
Hepliaklqana
Kikubaaqudgha
Makhleb
Nemelex Xobeh
Okawaru
Qazlal
Ru
Sif Muna
Trog
Uskayaw
Vehumet
Wu Jian
Xom
Yredelemnul
Zin
The Shining One

Shops:
D:5 (


Message History

You barely miss the warg.
The warg stops to sniff the ground.
The warg bites you!
* * * LOW HITPOINT WARNING * * *
You block the warg's attack.
Unknown command.
You feel better. The warg bites you but does no damage.
You block the warg's attack. The warg bites you but does no damage.
The warg barely misses you.
Your shield and chain mail prevent you from hitting the warg.
The warg is almost dead.
The warg bites you.
* * * LOW HITPOINT WARNING * * *
The warg barely misses you.
You hit the warg.
Your weapon exudes an aura of protection.
The warg is almost dead.
The warg bites you!
You die...
Your body disappears without a glow.

#.......###.####.###### #...##
#.#####.###......# ##...##
#.#...#...#....#### #8...8#
#.#.!.#......#....####### ##...##
..#...#..#....###.......####...##
..##'##.###.#..########...##.....
........###..#......# ###.#8.....
..<..#....##..#####.# #.##.....
##...##...###..h@h..# #.###8###
###.#8...8#....##### ### ## ##
#.##...##.#..# #########.
###.##...#####.# ####.........
##...##...## #.#####....#####...
#..###8...8# #.##....#######....
#######...########.########....##
8###8##...##8###8### #.......####
...................###......## #


You could see 2 wargs.

Vanquished Creatures
  A porcupine (D:6)
  2 ice beasts
  3 sky beasts
  2 black bears (D:7)
  A phantom (D:6)
  An ogre (D:4)
  4 centaurs
  2 elf zombies (Ossuary)
  A bullfrog (D:6)
  2 scorpions
  A water moccasin skeleton (D:6)
  3 jellies
  7 killer bees
  6 howler monkeys
  A quasit (D:5)
  3 centaur zombies (Ossuary)
  A bullfrog skeleton (D:3)
  A bullfrog zombie (D:5)
  3 hounds
  5 orc wizards
  2 orc priests
  2 centaur skeletons
  8 worker ants
  2 big kobold zombies (Ossuary)
  2 hound skeletons (D:4)
  2 mummies (Ossuary)
  A worker ant zombie (D:7)
  10 adders
  3 oozes
  3 adder zombies
  An adder skeleton (D:5)
  4 worms
  4 dart slugs (D:3)
  3 leopard geckos
  22 orcs
  3 ball pythons
  7 bats
  3 giant cockroaches
  12 goblins
  11 hobgoblins
  A jackal (D:6)
  7 kobolds
  4 quokkas
  6 frilled lizards
  A goblin zombie (Ossuary)
  9 hobgoblin zombies (Ossuary)
  7 kobold zombies (Ossuary)
  A leopard gecko zombie (D:6)
  10 orc zombies (Ossuary)
  7 rats
  2 rat zombies (Ossuary)
210 creatures vanquished.

Vanquished Creatures (collateral kills)
  Grinder (D:6)
  An orc (D:8)
2 creatures vanquished.

Grand Total: 212 creatures vanquished

Notes
Turn   | Place    | Note
-------+----------+-------------------------------------------
     0 | D:1      | Gildeon the Human Fighter began the quest for the Orb.
     0 | D:1      | Reached XP level 1. HP: 18/18 MP: 1/1
   210 | D:1      | Reached XP level 2. HP: 22/24 MP: 2/2
   367 | D:1      | Reached skill level 3 in Maces & Flails
   388 | D:1      | Reached XP level 3. HP: 29/29 MP: 3/3
  1174 | D:2      | Reached skill level 4 in Maces & Flails
  1174 | D:2      | Reached XP level 4. HP: 35/35 MP: 4/4
  1793 | D:3      | Reached XP level 5. HP: 37/41 MP: 5/5
  1935 | D:3      | Reached skill level 5 in Maces & Flails
  2919 | D:3      | Found a sparkling altar of Nemelex Xobeh.
  2926 | D:3      | Became a worshipper of Nemelex Xobeh the Trickster
  2999 | D:3      | Reached XP level 6. HP: 38/47 MP: 6/6
  3123 | D:4      | Reached skill level 6 in Maces & Flails
  3483 | D:4      | Received a gift from Nemelex Xobeh
  3507 | D:4      | Reached skill level 7 in Maces & Flails
  3507 | D:4      | Reached XP level 7. HP: 46/52 MP: 7/7
  3591 | D:4      | Found an iron altar of Okawaru.
  4156 | D:5      | Entered Level 5 of the Dungeon
  4325 | D:5      | Reached skill level 8 in Maces & Flails
  4356 | D:5      | Reached XP level 8. HP: 19/58 MP: 8/8
  4569 | D:5      | Found Weatis's Weapon Emporium.
  4570 | D:5      | Found a shattered altar of Ashenzari.
  4920 | D:5      | Reached skill level 9 in Maces & Flails
  5333 | D:6      | Reached * piety under Nemelex Xobeh
  5535 | D:6      | Noticed Edmund
  5536 | D:6      | Noticed Edmund
  5536 | D:6      | Edmund changed into Edmund the killer bee
  5552 | D:6      | Killed Edmund the killer bee
  5552 | D:6      | Reached skill level 10 in Maces & Flails
  5622 | D:6      | Reached XP level 9. HP: 44/64 MP: 9/9
  5646 | D:6      | Received a gift from Nemelex Xobeh
  5892 | D:6      | Reached skill level 11 in Maces & Flails
  5964 | D:6      | Noticed Grinder
  5972 | D:6      | Killed Grinder
  6119 | D:6      | Found a staircase to the Ecumenical Temple.
  6136 | Temple   | Entered the Ecumenical Temple
  6379 | D:6      | Reached skill level 5 in Fighting
  6975 | D:7      | Found a sand-covered staircase.
  7002 | Ossuary  | Entered an ossuary
  7140 | Ossuary  | Reached XP level 10. HP: 59/74 MP: 10/10
  7161 | Ossuary  | Reached skill level 12 in Maces & Flails
  7340 | D:7      | Reached ** piety under Nemelex Xobeh
  7894 | D:8      | Found a staircase to the Lair.
  7949 | D:7      | HP: 3/74 [poisoned by a killer bee]
  7951 | D:7      | HP: 1/74 [warg (8)]
  7954 | D:7      | Slain by a warg

Vault maps used:
D:1:      matt_arrival_refuge
D:2:      first_ration, kennysheep_generic_room_15
D:3:      nemelex_diamond_rough_becter
D:4:      old_standard_altar
D:5:      serial_shops, nicolae_shop_waterfront, evilmike_ruin_ashenzari
D:6:      minmay_temple_entry_enclosed_plants, uniq_edmund, uniq_grinder
D:7:      enter_ossuary_2, serial_corexii_hall, corexii_hall_statues_l,
          corexii_hall_statues_x, kennysheep_crisscross
D:8:      erik_lair_orcish_takeover, david_nohive_1, serial_bayou_lagoon_a,
          uniq_psyche
Temple:   minmay_crystal_snake_temple
Ossuary:  ossuary_tomb_1

Skill      XL: |  1  2  3  4  5  6  7  8  9 10 |
---------------+-------------------------------+-----
Maces & Flails | 3 4 5 7 8 10 11 12 | 12.5
Fighting       | 5 |  5.0
Armour         | 4 |  4.9
Shields        | |  3.0

Action                   |  1- 3 |  4- 6 |  7- 9 | 10-12 || total
-------------------------+-------+-------+-------+-------++-------
Melee: Flail             |    93 |   236 |   407 |   109 ||   845
Evoke: Deck              |       |       |    12 |     4 ||    16
  Use: Scroll            |     5 |     9 |     4 |     3 ||    21
       Potion            |       |       |     2 |     2 ||     4
  Eat: Chunk             |     1 |     8 |     8 |       ||    17
       Ration            |       |       |     1 |     1 ||     2
Armor: Scale mail        |    51 |   110 |    13 |       ||   174
       Chain mail        |       |       |   212 |    63 ||   275
Dodge: Dodged            |    15 |    65 |    53 |    24 ||   157
Block: Shield            |    41 |    98 |   172 |    44 ||   355

Table legend:
 A = Non-vault XP
 B = Vault XP
 C = Vault XP percentage of total XP
 D = Non-vault monster count
 E = Vault monster count
 F = Vault count percentage of total count
                 A         B        C        D         E       F
            +---------+---------+-------+---------+---------+-------
      Total |    3816 |    1027 |  21.2 |     162 |      50 |  23.6
            +---------+---------+-------+---------+---------+-------
        D:1 |      47 |       0 |   0.0 |      21 |       0 |   0.0
        D:2 |      41 |       7 |  14.6 |      18 |       2 |  10.0
        D:3 |     200 |       0 |   0.0 |      38 |       0 |   0.0
        D:4 |     455 |       0 |   0.0 |      21 |       0 |   0.0
        D:5 |     784 |       0 |   0.0 |      21 |       0 |   0.0
        D:6 |    1360 |     202 |  12.9 |      28 |       2 |   6.7
        D:7 |     797 |       0 |   0.0 |      14 |       0 |   0.0
        D:8 |     132 |     356 |  73.0 |       1 |       7 |  87.5
    Ossuary |       0 |     462 | 100.0 |       0 |      39 | 100.0
            +---------+---------+-------+---------+---------+-------
